 Dungeon Crawl Stone Soup version 0.19.1-1-g22dce08 (webtiles) character file.

184 nikopol the Skirmisher (level 5, 0/34 HPs)
             Began as a Gargoyle Berserker on Jan 16, 2017.
             Was a Believer of Trog.
             Slain by a bullfrog (2 damage)
             ... in a sewer.
             The game lasted 00:09:28 (2793 turns).

nikopol the Skirmisher (Gargoyle Berserker)         Turns: 2793, Time: 00:09:29

Health: 0/34       AC: 10    Str: 20    XL:     5   Next: 63%
Magic:  5/5        EV: 12    Int:  8    God:    Trog [**....]
Gold:   177        SH:  0    Dex: 10    Spells: 0 memorised, 4 levels left

rFire  . . .     SeeInvis .     a - +0 hand axe
rCold  . . .     Gourm    .     b - +0 animal skin
rNeg   + . .     Faith    .     (no shield)
rPois  ∞         Spirit   .     d - +0 helmet
rElec  +         Reflect  .     q - +2 cloak
rCorr  .         Harm     .     (no gloves)
MR     .....                    (no boots)
Stlth  +.........               (no amulet)
                                (no ring)
                                (no ring)

@: no status effects
A: negative energy resistance 1, electricity resistance, unbreathing,
petrification resistance, rot immunity, AC +4
a: Berserk, Trog's Hand, Burn Spellbooks, Renounce Religion


You were in a sewer.
You worshipped Trog.
Trog was pleased with you.
You were not hungry.

You visited 1 branch of the dungeon, and saw 3 of its levels.
You also visited: Sewer.

You collected 177 gold pieces.

Inventory:

Hand Weapons
 a - a +0 hand axe (weapon)
Missiles
 p - 22 arrows (quivered)
Armour
 b - a +0 animal skin (worn)
 d - a +0 helmet (worn)
 l - a +0 cloak
 q - a +2 cloak (worn)
Scrolls
 h - 2 scrolls of identify
 n - a scroll of teleportation {unknown}
 o - a scroll of remove curse {unknown}
Potions
 f - 2 potions of lignification
 i - 2 potions of curing {unknown}
 k - a potion of agility {unknown}
 r - a potion of magic {unknown}
 s - a potion of invisibility {unknown}
Comestibles
 c - a bread ration
 g - 6 chunks of flesh


   Skills:
 + Level 4.3 Fighting
 + Level 3.6 Axes
 + Level 3.3 Armour
 + Level 2.8 Dodging


You had 4 spell levels left.
You didn't know any spells.

Dungeon Overview and Level Annotations

Branches:
Dungeon (3/15)

Altars:
Ru


Innate Abilities, Weirdness & Mutations

You are resistant to torment.
Your stone body is resilient. (AC +4)
You are immune to poison.
You resist negative energy. (rN+)
You are resistant to electric shocks. (rElec)
You can survive without breathing.
You are immune to petrification.
You are immune to rotting.


Message History

You are too injured to fight recklessly!
You are too injured to fight recklessly!
You are too injured to fight recklessly!
You are too injured to fight recklessly!
You are too injured to fight recklessly!
The bullfrog barely misses you. The bullfrog hits you.
* * * LOW HITPOINT WARNING * * *
You miss the bullfrog.
The bullfrog is lightly wounded.
You completely miss the bullfrog.
The bullfrog hits you but does no damage.
The bullfrog hits you.
* * * LOW HITPOINT WARNING * * *
The bullfrog hits you.
* * * LOW HITPOINT WARNING * * *
You hit the bullfrog.
The bullfrog is moderately wounded.
You hit the bullfrog. The bullfrog barely misses you.
The bullfrog completely misses you. The bullfrog hits you.
You die...

#≈≈≈≈≈≈≈≈≈≈≈≈≈≈≈≈≈≈≈≈≈.#
#≈≈≈≈.≈≈≈≈≈≈≈≈≈≈..≈≈≈≈.#
#≈########≈≈≈≈≈≈≈≈.≈≈≈.#
#≈# ##≈≈≈≈≈≈≈≈≈.≈≈≈.#
#.# #≈≈≈≈≈≈≈≈≈≈≈≈≈≈.#
#.# #≈≈≈≈≈≈≈≈≈≈≈≈≈≈.#
#≈# #≈≈≈≈≈≈≈≈≈≈≈≈≈≈≈.#
#.# #≈≈∩.≈.FF≈≈≈≈≈≈≈.#
#≈# #≈≈≈.≈..@≈≈≈≈≈≈≈.#
#.# #≈≈≈≈...≈≈≈≈≈≈≈≈≈.#
#.# #≈≈≈≈≈≈≈.≈.≈≈≈≈≈≈.#
### #.#
#≈≈≈≈≈.$..≈≈≈≈≈≈≈.# #.#
#.# ≈≈≈≈.$!)≈≈≈≈≈≈≈≈.#
#∩# #.#
≈≈≈≈.[≈≈≈≈≈≈≈≈≈.# #.#
#.# ≈≈≈≈≈.≈≈≈≈≈.≈≈≈.#
#∩# #.#
≈≈≈≈.≈≈≈≈≈≈.≈≈≈.# #.#
#.# ≈≈≈≈≈≈≈.≈≈≈.# #.#


You could see 2 bullfrogs.

Vanquished Creatures
  Natasha (thrice) (D:2)
  3 adders (Sewer)
  A worm (D:2)
  3 leopard geckos
  4 ball pythons (Sewer)
  10 giant cockroaches
  5 goblins
  7 hobgoblins
  10 jackals
  6 kobolds
  2 quokkas (D:2)
  3 bats
  5 frilled lizards
  10 rats
  A bush (D:1)
  A plant (D:1)
74 creatures vanquished.

Vanquished Creatures (others)
  A plant (D:1)
1 creature vanquished.

Grand Total: 75 creatures vanquished

Notes
Turn   | Place    | Note
-------+----------+-------------------------------------------
     0 | D:1      | nikopol the Gargoyle Berserker began the quest for the Orb.
     0 | D:1      | Reached XP level 1. HP: 14/14 MP: 1/1
   478 | D:1      | Reached XP level 2. HP: 9/19 MP: 2/2
  1151 | D:1      | Reached XP level 3. HP: 17/23 MP: 3/3
  1487 | D:2      | Reached ** piety under Trog
  1545 | D:2      | Found a sacrificial altar of Ru.
  1644 | D:2      | Noticed Natasha
  1656 | D:2      | Killed Natasha
  1656 | D:2      | Reached XP level 4. HP: 29/29 MP: 4/4
  1660 | D:2      | Noticed Natasha
  1672 | D:2      | Killed Natasha
  1672 | D:2      | Reached skill level 4 in Fighting
  2108 | D:2      | Noticed Natasha
  2122 | D:2      | Killed Natasha
  2122 | D:2      | Reached XP level 5. HP: 16/33 MP: 5/5
  2474 | D:3      | Found a glowing drain.
  2498 | Sewer    | Entered a sewer
  2707 | Sewer    | Reached *** piety under Trog
  2793 | Sewer    | Slain by a bullfrog

Skill      XL: |  1  2  3  4 |
---------------+-------------+-----
Dodging        | 2 |  2.8
Axes           | 3 |  3.6
Fighting       | 4 |  4.3
Armour         | 3 |  3.3

Action                   |  1- 3 |  4- 6 || total
-------------------------+-------+-------++-------
Melee: Hand axe          |   285 |   134 ||   419
  Use: Scroll            |       |     5 ||     5
  Eat: Chunk             |     3 |     4 ||     7
Armor: Animal skin       |    49 |    75 ||   124
Dodge: Dodged            |    91 |   123 ||   214
